Unix NetHack Version 5.0.0-0 post-release - last build Jun 10 2026 00:39:30 (3ee93aec679c4c4259841fe613dc97188e26a321,branch:main).

Game began 2026-06-16 11:05:33, ended 2026-06-16 11:15:59.

GdeVolpiano, neutral female human Tourist

                                   ---
                                    ..-      ----
                                   --...0-- --..-
                                   |....>..  !-..---
                                    -......--..|...|
                                   --.....G.--.|-..|
                                   |.....).@...|...--
                                   |......).)d)*.*..--
                                   |......--.0.......|
                                   |...|.- --..--...<|
                                   -- ---   ----------

GdeVolpiano the Sightseer   St:11 Dx:10 Co:15 In:15 Wi:9 Ch:15  Neutral
Dlvl:3  $:1661 HP:0(33) Pw:11(11) AC:9  Xp:4 T:1300  Hungry   Burdened

Latest messages:
 The dart misses the gnome lord.
 Winston misses the gnome.
 In what direction?
 The dart hits the gnome lord.
 Winston bites the gnome.
 The gnome misses Winston.
 The gnome shoots 2 crossbow bolts!
 The 1st crossbow bolt hits the gnome lord.
 The 2nd crossbow bolt misses the gnome lord.
 You are hit by the 2nd crossbow bolt.
 The gnome lord throws a dagger!
 You are hit by a dagger.
 What do you want to drink? [hmosyDEJ or ?*]
 You feel much better.
 Winston bites the gnome.
 The gnome is killed!
 The gnome lord wields 2 daggers!
 You see here a dagger.
 The gnome lord picks up a hooded cloak.
 M - a potion of extra healing.
 a - 3 +2 darts (at the ready) (25 in total).
 You see here 8 darts.
 The gnome lord thrusts one of his daggers.
 The gnome lord hits!
 Winston eats a dwarf corpse.
 The gnome lord thrusts one of his daggers.
 The gnome lord hits!
 In what direction?
 You kill the gnome lord!
 a - 2 +2 darts (at the ready) (26 in total).
 N - a scroll labeled GHOTI.
 You have a little trouble lifting a gray spellbook.  Continue? [ynq] (q)
 You have a little trouble lifting O - a gray spellbook.
 Your movements are slowed slightly because of your load.
 You see here 8 darts.
 The gnome shoots a crossbow bolt!
 You are hit by a crossbow bolt!
 In what direction?
 The dart hits the gnome.
 In what direction?
 The dart misses the gnome.
 You have a little trouble lifting P - 8 darts.
 The gnome swings his crossbow.
 The gnome hits!
 You miss the gnome.
 The gnome swings his crossbow.
 The gnome hits!
 You die...
 Do you want your possessions identified? [ynq] (y)
 Do you want to see your attributes? [ynq] (y)

Inventory:
 Coins    ('$')
  $ - 1661 gold pieces
 Weapons  (')')
  a - 24 +2 darts (at the ready)
  P - 8 +0 darts
  u - a +0 dwarvish mattock (weapon in hands)
  q - a +0 dwarvish short sword (alternate weapon; not wielded)
 Armor    ('[')
  K - an uncursed +0 orcish helm (being worn)
 Comestibles  ('%')
  e - an uncursed fig
  b - an uncursed carrot
  c - an uncursed cram ration
  z - an uncursed cream pie
  d - 9 uncursed food rations
  g - an uncursed fortune cookie
  I - an uncursed lembas wafer
  L - an uncursed tripe ration
 Scrolls  ('?')
  A - a blessed scroll of charging
  N - an uncursed scroll of light
  r - an uncursed scroll of scare monster
  w - an uncursed scroll of teleportation
 Spellbooks  ('+')
  O - an uncursed spellbook of force bolt
 Potions  ('!')
  M - a cursed potion of extra healing
  y - an uncursed potion of fruit juice
  o - an uncursed potion of gain ability
  D - an uncursed potion of invisibility
  J - an uncursed potion of levitation
  s - an uncursed potion of object detection
  m - an uncursed potion of paralysis
  E - an uncursed potion of see invisible
 Rings    ('=')
  G - an uncursed ring of searching
  n - a cursed ring of teleportation
 Wands    ('/')
  v - a wand of create monster (0:10)
  B - a wand of fire (0:6)
 Tools    ('(')
  l - an uncursed credit card
  k - an expensive camera (0:99)
 Gems/Stones  ('*')
  x - 2 uncursed worthless pieces of yellow glass

GdeVolpiano the Tourist's attributes:

Background:
 You were a Sightseer, a level 4 female human Tourist.
 You were neutral, nominally on a mission for The Lady
 who was opposed by Blind Io (lawful) and Offler (chaotic).
 You were right-handed.
 You were in the Gnomish Mines, on level 3.
 You entered the dungeon 1300 turns ago.
 There was a new moon in effect when your adventure ended.
 You had 110 experience points, 50 more were needed to attain level 5.

Basics:
 You had 0 out of 33 hit points.
 You had all 11 energy points (spell power).
 Your armor class was 9.
 Your wallet contained 1661 zorkmids.
 Autopickup was on for '$?!/="+' plus thrown, with exceptions.

Final Characteristics:
 Your strength was 11 (limit:18/100).
 Your dexterity was 10 (limit:18).
 Your constitution was 15 (limit:18).
 Your intelligence was 15 (limit:18).
 Your wisdom was 9 (limit:18).
 Your charisma was 15 (limit:18).

Final Status:
 You were hungry.
 You were burdened; movement was slightly slowed.
 You were wielding a mattock.
 You were unskilled in pick-axe.

Final Attributes:
 You were devoutly aligned.
 You are dead.

Miscellaneous:
 You didn't encounter any bones levels.
 Total elapsed playing time was 10 minutes and 24 seconds.

Major events:
 Turn
    1: GdeVolpiano the neutral female human Tourist entered the dungeon
  800: attained the rank of Sightseer (level 3)
  843: entered the Gnomish Mines
 1300: killed by a gnome

You didn't know any spells.

Skills:
 Fighting Skills
   bare handed combat [Unskilled]
   two weapon combat  [Unskilled]
   riding             [Unskilled]
 Weapon Skills
   dagger             [Unskilled]
   knife              [Unskilled]
   axe                [Unskilled]
   pick-axe           [Unskilled]
   short sword        [Unskilled]
   broadsword         [Unskilled]
   long sword         [Unskilled]
   two-handed sword   [Unskilled]
   saber              [Unskilled]
   mace               [Unskilled]
   morning star       [Unskilled]
   flail              [Unskilled]
   hammer             [Unskilled]
   quarterstaff       [Unskilled]
   polearms           [Unskilled]
   spear              [Unskilled]
   trident            [Unskilled]
   lance              [Unskilled]
   bow                [Unskilled]
   sling              [Unskilled]
   crossbow           [Unskilled]
   dart               [Basic]
   shuriken           [Unskilled]
   boomerang          [Unskilled]
   whip               [Unskilled]
   unicorn horn       [Unskilled]
 Spellcasting Skills
   divination spells  [Unskilled]
   enchantment spells [Unskilled]
   escape spells      [Unskilled]

Voluntary challenges:
 Character rerolling was not enabled.
 You were an atheist.
 You never genocided any monsters.
 You never polymorphed an object.
 You never changed form.
 You used no wishes.
Achievements:
 You entered a shop.
 You attained the rank of Sightseer.
 You entered the Gnomish Mines.

 The Dungeons of Doom: levels 1 to 3
    Level 1:
       A fountain, some sinks.
    Level 2:
       A general store, some fountains.
       Stairs down to The Gnomish Mines.
    Level 3:
 The Gnomish Mines:
    Level 3: <- You were here.
       Final resting place for
          you, killed by a gnome.


Vanquished creatures:
  a gnome leader
  2 dwarves
  4 gnomes
  a gnome zombie
  a gecko
  6 jackals
  a fox
  a kobold
  4 goblins
  a sewer rat
  a grid bug
  3 lichens
  a newt
27 creatures vanquished.

No species were genocided or became extinct.

Game over:
                       ----------
                      /          \
                     /    REST    \
                    /      IN      \
                   /     PEACE      \
                  /                  \
                  |   GdeVolpiano    |
                  |     1661 Au      |
                  |   killed by a    |
                  |      gnome       |
                  |                  |
                  |                  |
                  |       2026       |
                 *|     *  *  *      | *
        _________)/\\_//(\/(/\)/\//\/|_)_______

Aloha GdeVolpiano the Tourist...

You died in The Gnomish Mines on dungeon level 3 with 1709 points,
and 1661 pieces of gold, after 1300 moves.
You were level 4 with a maximum of 33 hit points when you died.

